PBL
DETROIT RED WINGS @ WINNIPEG GOLDEYES
10/22/2048
 
TOP OF THE 1ST
Altoona Curve batting - Pitching for Reading Fightin Phils : RHP Jeff Dailey
Pitching: RHP Jeff Dailey
Batting: RHB Ron Corn 0-0: Ball
1-0: Ball
2-0: Ground out 3-1 (Groundball, 34S, EV 67.5 MPH)
Batting: RHB John Goynes 0-0: Ball
1-0: Called Strike
1-1: Ball
2-1: Fly out, F7 (Flyball, 7LS, EV 82.5 MPH)
Batting: LHB Micah Boshnjaku 0-0: Called Strike
0-1: Foul Ball, location: 2F
0-2: Strikes out swinging
Top of the 1st over - 0 runs, 0 hits, 0 errors, 0 left on base; Altoona 0 - Reading 0
BOTTOM OF THE 1ST
Reading Fightin Phils batting - Pitching for Altoona Curve : LHP Hideharu Omoto
Pitching: LHP Hideharu Omoto
Batting: RHB Alberto Ramirez 0-0: Ball
1-0: Called Strike
1-1: Swinging Strike
1-2: Strikes out swinging, 2-3 out at first.
Batting: LHB Osamu Kubo 0-0: Ground out U3 (Groundball, 3, EV 83.1 MPH)
Batting: RHB William-Floyd Goof 0-0: Ball
1-0: DOUBLE (Flyball, 89XD, EV 112.5 MPH)
Batting: SHB Phuck II 0-0: Ball
1-0: Called Strike
1-1: Swinging Strike
1-2: Foul Ball, location: 2F
1-2: Strikes out swinging
Bottom of the 1st over - 0 runs, 1 hit, 0 errors, 1 left on base; Altoona 0 - Reading 0
TOP OF THE 2ND
Altoona Curve batting - Pitching for Reading Fightin Phils : RHP Jeff Dailey
Batting: RHB Jeremy Boerman 0-0: Ball
1-0: SINGLE (Groundball, 25, EV 69.4 MPH) (infield hit)
Batting: RHB Brian Moore 0-0: Ball
1-0: SINGLE (Groundball, P, EV 89.4 MPH) (infield hit)
Jeremy Boerman to second
Batting: RHB Chris Pozzi 0-0: Foul Ball, location: 2F
0-1: Ball
1-1: Ball
2-1: Fly out, F7 (Flyball, 7S, EV 87.5 MPH)
Batting: RHB Nelson Ozuna 0-0: Ball
1-0: Foul Ball, location: 2F
1-1: Foul Ball, location: 2F
1-2: Fielders Choice at 2nd, 5-4 (Groundball, 56, EV 100.0 MPH)
Jeremy Boerman to third
Batting: LHB Aito Harada 0-0: Ball
1-0: Ball
2-0: SINGLE (Groundball, 34D, EV 108.1 MPH)
Jeremy Boerman scores
Nelson Ozuna to second
Runner from 2nd tries for 3rd, SAFE, throw by RF made at trailing runner, OUT! 9-6
Top of the 2nd over - 1 run, 3 hits, 0 errors, 1 left on base; Altoona 1 - Reading 0
BOTTOM OF THE 2ND
Reading Fightin Phils batting - Pitching for Altoona Curve : LHP Hideharu Omoto
Batting: RHB Mark Schultz 0-0: Ball
1-0: Ball
2-0: Fly out, F9 (Flyball, 89M, EV 90.6 MPH)
Batting: RHB Carlos Morejon 0-0: Called Strike
0-1: Foul Ball, location: 2F
0-2: Ball
1-2: Strikes out swinging
Batting: SHB Benjamin Brown 0-0: Called Strike
0-1: Ball
1-1: Foul Ball, location: 2F
1-2: Strikes out swinging
Bottom of the 2nd over - 0 runs, 0 hits, 0 errors, 0 left on base; Altoona 1 - Reading 0
TOP OF THE 3RD
Altoona Curve batting - Pitching for Reading Fightin Phils : RHP Jeff Dailey
Batting: RHB Keiji Nakajima 0-0: Fly out, F9 (Flyball, 9LS, EV 90.6 MPH)
Batting: RHB Ron Corn 0-0: Ball
1-0: Fly out, F8 (Flyball, 8LS, EV 86.9 MPH)
Batting: RHB John Goynes 0-0: Called Strike
0-1: Ground out 5-3 (Groundball, 5, EV 86.9 MPH)
Top of the 3rd over - 0 runs, 0 hits, 0 errors, 0 left on base; Altoona 1 - Reading 0
BOTTOM OF THE 3RD
Reading Fightin Phils batting - Pitching for Altoona Curve : LHP Hideharu Omoto
Batting: RHB Kyle Reilly 0-0: Ball
1-0: Foul Ball, location: 2F
1-1: Foul Ball, location: 2F
1-2: Ball
2-2: Ball
3-2: Foul Ball, location: 2F
3-2: Strikes out looking
Batting: RHB Steve Jones 0-0: Ball
1-0: Ball
2-0: Called Strike
2-1: Ball
3-1: Foul Ball, location: 2F
3-2: Ground out 6-3 (Groundball, 6, EV 90.6 MPH)
Batting: RHB Alberto Ramirez 0-0: Ball
1-0: Called Strike
1-1: Ball
2-1: Called Strike
2-2: Foul Ball, location: 2F
2-2: Strikes out swinging
Bottom of the 3rd over - 0 runs, 0 hits, 0 errors, 0 left on base; Altoona 1 - Reading 0
TOP OF THE 4TH
Altoona Curve batting - Pitching for Reading Fightin Phils : RHP Jeff Dailey
Batting: LHB Micah Boshnjaku 0-0: Ball
1-0: Foul Ball, location: 2F
1-1: Ball
2-1: Fly out, F9 (Flyball, 9D, EV 98.8 MPH)
Batting: RHB Jeremy Boerman 0-0: Ball
1-0: Called Strike
1-1: Ball
2-1: Fly out, F4 (Line Drive, 4, EV 68.1 MPH)
Batting: RHB Brian Moore 0-0: Foul Ball, location: 2F
0-1: SOLO HOME RUN (Flyball, 78XD, EV 99.4 MPH), Distance : 401 ft
Batting: RHB Chris Pozzi 0-0: Ball
1-0: Ball
2-0: Ball
3-0: Called Strike
3-1: Called Strike
3-2: Foul Ball, location: 2F
3-2: Foul Ball, location: 2F
3-2: Fly out, F8 (Flyball, 78XD, EV 109.4 MPH)
Top of the 4th over - 1 run, 1 hit, 0 errors, 0 left on base; Altoona 2 - Reading 0
BOTTOM OF THE 4TH
Reading Fightin Phils batting - Pitching for Altoona Curve : LHP Hideharu Omoto
Batting: LHB Osamu Kubo 0-0: Foul Ball, location: 2F
0-1: Ground out 1-3 (Groundball, P, EV 67.5 MPH)
Batting: RHB William-Floyd Goof 0-0: Swinging Strike
0-1: Ball
1-1: Foul Ball, location: 2F
1-2: Ball
2-2: Strikes out swinging
Batting: SHB Phuck II 0-0: Called Strike
0-1: Foul Ball, location: 2F
0-2: Ball
1-2: Foul Ball, location: 2F
1-2: Fly out, F8 (Flyball, 89M, EV 91.2 MPH)
Bottom of the 4th over - 0 runs, 0 hits, 0 errors, 0 left on base; Altoona 2 - Reading 0
TOP OF THE 5TH
Altoona Curve batting - Pitching for Reading Fightin Phils : RHP Jeff Dailey
Batting: RHB Nelson Ozuna 0-0: Foul Ball, location: 2F
0-1: Called Strike
0-2: Strikes out swinging
Batting: LHB Aito Harada 0-0: Ball
1-0: Swinging Strike
1-1: Ball
2-1: Ball
3-1: Called Strike
3-2: Foul Ball, location: 2F
3-2: Ground out 2-3 (Groundball, 2R, EV 73.1 MPH)
Batting: RHB Keiji Nakajima 0-0: Ground out 1-3 (Groundball, P, EV 72.5 MPH)
Top of the 5th over - 0 runs, 0 hits, 0 errors, 0 left on base; Altoona 2 - Reading 0
BOTTOM OF THE 5TH
Reading Fightin Phils batting - Pitching for Altoona Curve : LHP Hideharu Omoto
Batting: RHB Mark Schultz 0-0: Ball
1-0: Ball
2-0: Called Strike
2-1: Foul Ball, location: 2F
2-2: Strikes out looking
Batting: RHB Carlos Morejon 0-0: Ball
1-0: Swinging Strike
1-1: Called Strike
1-2: Strikes out looking
Batting: SHB Benjamin Brown 0-0: Ball
1-0: Called Strike
1-1: Swinging Strike
1-2: Strikes out looking
Bottom of the 5th over - 0 runs, 0 hits, 0 errors, 0 left on base; Altoona 2 - Reading 0
TOP OF THE 6TH
Altoona Curve batting - Pitching for Reading Fightin Phils : RHP Jeff Dailey
Batting: RHB Ron Corn 0-0: Called Strike
0-1: Ball
1-1: DOUBLE (Groundball, 5L, EV 94.4 MPH)
Batting: RHB John Goynes 0-0: Called Strike
0-1: Ball
1-1: Swinging Strike
1-2: Foul Ball, location: 2F
1-2: Ball
2-2: Ball
3-2: Strikes out swinging
Batting: LHB Micah Boshnjaku 0-0: Foul Ball, location: 2F
0-1: Ball
1-1: Swinging Strike
1-2: Ground out 4-3 (Groundball, 4M, EV 101.9 MPH)
Ron Corn to third
Batting: RHB Jeremy Boerman 0-0: Called Strike
0-1: Ball
1-1: Ball
2-1: Called Strike
2-2: Ground out 6-3 (Groundball, 6, EV 91.2 MPH)
Top of the 6th over - 0 runs, 1 hit, 0 errors, 1 left on base; Altoona 2 - Reading 0
BOTTOM OF THE 6TH
Reading Fightin Phils batting - Pitching for Altoona Curve : LHP Hideharu Omoto
Batting: RHB Kyle Reilly 0-0: Called Strike
0-1: Called Strike
0-2: Strikes out looking
Batting: RHB Steve Jones 0-0: Ground out 6-3 (Groundball, 4MS, EV 83.8 MPH)
Batting: RHB Alberto Ramirez 0-0: Ball
1-0: Called Strike
1-1: Ball
2-1: Swinging Strike
2-2: Foul Ball, location: 2F
2-2: Foul Ball, location: 2F
2-2: Fly out, F5 (Popup, 5SF, EV 75.6 MPH)
Bottom of the 6th over - 0 runs, 0 hits, 0 errors, 0 left on base; Altoona 2 - Reading 0
TOP OF THE 7TH
Altoona Curve batting - Pitching for Reading Fightin Phils : RHP Jeff Dailey
Batting: RHB Brian Moore 0-0: Called Strike
0-1: Called Strike
0-2: Foul Ball, location: 2F
0-2: Ball
1-2: Strikes out looking
Pitching: LHP Brian Wildrick
Batting: RHB Chris Pozzi 0-0: Foul Ball, location: 2F
0-1: Foul Ball, location: 2F
0-2: Strikes out looking
Batting: RHB Nelson Ozuna 0-0: Called Strike
0-1: Foul Ball, location: 2F
0-2: Strikes out swinging
Top of the 7th over - 0 runs, 0 hits, 0 errors, 0 left on base; Altoona 2 - Reading 0
BOTTOM OF THE 7TH
Reading Fightin Phils batting - Pitching for Altoona Curve : LHP Hideharu Omoto
Batting: LHB Osamu Kubo 0-0: SINGLE (Groundball, 4D, EV 101.2 MPH)
Batting: RHB William-Floyd Goof 0-0: Ball
Wild Pitch!
Osamu Kubo to second
1-0: Ball
2-0: Foul Ball, location: 2F
2-1: Ground out 6-3 (Groundball, 6, EV 77.5 MPH)
Osamu Kubo to third
Pitching: RHP Joel Olausson
Batting: SHB Phuck II 0-0: Ball
1-0: Called Strike
1-1: Foul Ball, location: 2F
1-2: Ball
2-2: Foul Ball, location: 2F
2-2: Fly out, F7 (Flyball, 7, EV 91.2 MPH)
Runner from 3rd tags up, SCORES, no throw by LF
Batting: RHB Mark Schultz 0-0: Ball
1-0: Called Strike
1-1: Ball
2-1: Foul Ball, location: 2F
2-2: Ball
3-2: Foul Ball, location: 2F
3-2: Base on Balls
Batting: RHB Carlos Morejon 0-0: Called Strike
0-1: Ball
1-1: Foul Ball, location: 2F
1-2: Ball
Mark Schultz steals 2nd base
2-2: Fly out, F4 (Popup, 34D, EV 63.1 MPH)
Bottom of the 7th over - 1 run, 1 hit, 0 errors, 1 left on base; Altoona 2 - Reading 1
TOP OF THE 8TH
Altoona Curve batting - Pitching for Reading Fightin Phils : LHP Brian Wildrick
Batting: LHB Aito Harada 0-0: Ground out 4-3 (Groundball, 4, EV 88.1 MPH)
Batting: RHB Keiji Nakajima 0-0: Called Strike
0-1: Called Strike
0-2: Foul Ball, location: 2F
0-2: Ball
1-2: Foul Ball, location: 2F
1-2: Foul Ball, location: 2F
1-2: Ground out 5-3 (Groundball, 56S, EV 83.8 MPH)
Batting: RHB Ron Corn 0-0: Ball
1-0: Ball
2-0: Ball
3-0: Base on Balls
Batting: RHB John Goynes 0-0: Called Strike
0-1: Ball
1-1: Ball
2-1: Ground out U3 (Groundball, 13, EV 85.0 MPH)
Top of the 8th over - 0 runs, 0 hits, 0 errors, 1 left on base; Altoona 2 - Reading 1
BOTTOM OF THE 8TH
Reading Fightin Phils batting - Pitching for Altoona Curve : RHP Joel Olausson
Batting: SHB Benjamin Brown 0-0: Ground out U3 (Groundball, 34, EV 100.6 MPH)
Batting: RHB Kyle Reilly 0-0: Foul Ball, location: 2F
0-1: Ground out 6-3 (Groundball, 6, EV 102.5 MPH)
Pinch Hitting: LHB Jose Fierro 0-0: Foul Ball, location: 2F
0-1: Ball
1-1: Ball
2-1: Ball
3-1: Base on Balls
Batting: RHB Alberto Ramirez 0-0: Ball
1-0: Called Strike
1-1: Foul Ball, location: 2F
1-2: Ball
2-2: Ball
3-2: Foul Ball, location: 2F
3-2: Base on Balls
Jose Fierro to second
Batting: LHB Osamu Kubo 0-0: Ball
1-0: Foul Ball, location: 2F
1-1: Fly out, F7 (Flyball, 78M, EV 91.2 MPH)
Bottom of the 8th over - 0 runs, 0 hits, 0 errors, 2 left on base; Altoona 2 - Reading 1
TOP OF THE 9TH
Altoona Curve batting - Pitching for Reading Fightin Phils : LHP Brian Wildrick
Now at 2B: Mark Schultz
Now at SS: Jose Fierro
Batting: LHB Micah Boshnjaku 0-0: Ball
1-0: Called Strike
1-1: Foul Ball, location: 2F
1-2: Fly out, F7 (Flyball, 7D, EV 96.2 MPH)
Batting: RHB Jeremy Boerman 0-0: Ball
1-0: Called Strike
1-1: Foul Ball, location: 2F
1-2: Foul Ball, location: 2F
1-2: Ball
2-2: Ball
3-2: Fly out, F8 (Flyball, 8LD, EV 100.0 MPH)
Batting: RHB Brian Moore 0-0: SINGLE (Line Drive, 34, EV 105.0 MPH)
Batting: RHB Chris Pozzi 0-0: Foul Ball, location: 2F
0-1: Ball
1-1: Ball
2-1: Ball
3-1: Called Strike
3-2: Foul Ball, location: 2F
3-2: Foul Ball, location: 2F
3-2: Fly out, F7 (Flyball, 7, EV 91.9 MPH)
Top of the 9th over - 0 runs, 1 hit, 0 errors, 1 left on base; Altoona 2 - Reading 1
BOTTOM OF THE 9TH
Reading Fightin Phils batting - Pitching for Altoona Curve : RHP Joel Olausson
Pitching: RHP Hugo Rodriguez
Batting: RHB William-Floyd Goof 0-0: Called Strike
0-1: Ball
1-1: Called Strike
1-2: Ball
2-2: Foul Ball, location: 2F
2-2: SINGLE (Groundball, P, EV 88.8 MPH) (infield hit)
Batting: SHB Phuck II 0-0: Foul Ball, location: 2F
0-1: SINGLE (Groundball, 4MD, EV 105.0 MPH) (infield hit)
William-Floyd Goof to second
Batting: RHB Mark Schultz 0-0: Foul Ball, location: 2F
0-1: Swinging Strike
0-2: Foul Ball, location: 2F
0-2: Foul Ball, location: 2F
0-2: SINGLE (Line Drive, 56D, EV 106.2 MPH)
William-Floyd Goof to third
Phuck II to second
Runner from 3rd tries for Home, throw by LF and OUT! 7-2
Batting: RHB Carlos Morejon 0-0: Ball
1-0: Ball
2-0: Foul Ball, location: 2F
2-1: Ball
3-1: Base on Balls
Phuck II to third
Mark Schultz to second
Batting: SHB Benjamin Brown 0-0: Called Strike
0-1: Ball
1-1: Ball
2-1: Fly out, F7 (Flyball, 78D, EV 85.6 MPH)
Runner from 3rd tags up, SCORES, throw by LF
Mark Schultz to third
Batting: RHB Kyle Reilly 0-0: Ball
Wild Pitch!
Mark Schultz scores
Bottom of the 9th over - 2 runs, 3 hits, 0 errors, 0 left on base; Altoona 2 - Reading 3
Game Over ... Reading defeats Altoona, 3 to 2
Tuesday, March 28th , 2023 - OOTP Baseball 23.10 Build 110